 Dungeon Crawl Stone Soup version 0.28.0-53-g5a82cb258f (webtiles) character file.

Game seed: 14554458596730857065

445 Ijustatesigmund the Firebug (level 7, -6/88 HPs)
             Began as a Hill Orc Fire Elementalist on July 14, 2022.
             Mangled by a hornet (12 damage)
             ... on level 4 of the Dungeon.
             The game lasted 00:07:49 (4924 turns).

Ijustatesigmund the Firebug (HOFE)                  Turns: 4924, Time: 00:07:50

Health: -6/88      AC:  6    Str: 11    XL:     7   Next: 3%
Magic:  9/9        EV: 12    Int: 17    God:
Gold:   155        SH:  0    Dex: 11    Spells: 6/9 levels left

rFire   . . .      SeeInvis .   b - +0 flail
rCold   . . .      Faith    .   (no shield)
rNeg    . . .      Spirit   .   a - +1 robe
rPois   .          Reflect  .   (no helmet)
rElec   .          Harm     .   (no cloak)
rCorr   +          Rampage  .   n - +2 pair of gloves
Will    .....                   (no boots)
Stlth   ..........              (no amulet)
HPRegen 0.24/turn               e - ring of resist corrosion
MPRegen 0.11/turn               (no ring)

@: berserking, lethally poisoned (-6 -> -23), slowed
A: no striking features
a: no special abilities


You were on level 4 of the Dungeon.
You visited 1 branch of the dungeon, and saw 4 of its levels.

You collected 155 gold pieces.

Inventory:

Hand Weapons
 b - a +0 flail (weapon)
Armour
 a - a +1 robe (worn)
 n - a +2 pair of gloves (worn)
Jewellery
 e - a ring of resist corrosion (left hand)
Wands
 l - a wand of iceblast (2)
Scrolls
 i - a scroll of teleportation
 k - a scroll of identify
Potions
 c - a potion of ambrosia
 d - 2 potions of heal wounds {unknown}
 f - a potion of berserk rage
 g - a potion of mutation {unknown}
 h - a potion of haste {unknown}
 j - a potion of attraction {unknown}
 m - 2 potions of lignification {unknown}


   Skills:
 - Level 4.0 Fighting
 - Level 1.5 Dodging
 - Level 1.5 Stealth
 + Level 1.5 Spellcasting
 + Level 4.2 Conjurations
 + Level 5.7 Fire Magic


You had 6 spell levels left.
You knew the following spells:

 Your Spells              Type           Power      Damage    Failure   Level
a - Foxfire               Conj/Fire      72%        2x1d7     2%          1
b - Scorch                Fire           40%        2d7       3%          2

Your spell library contained the following spells:

 Spells                   Type           Power      Damage    Failure   Level
 Conjure Flame            Conj/Fire      18%        6-21      8%          3
 Inner Flame              Hex/Fire       11%        N/A       19%         3
 Animate Skeleton         Necr           2%         N/A       21%         1
 Apportation              Tloc           2%         N/A       21%         1
 Summon Small Mammal      Summ           4%         N/A       21%         1
 Flame Wave               Conj/Fire      18%        2d6       26%         4


Dungeon Overview and Level Annotations

Branches:
Dungeon (4/15)
 Temple: D:4-7

Altars:
Elyvilon
Makhleb

Annotations:
D:4 Edmund


Message History

You now have 155 gold pieces (gained 18).
There is a fountain of clear blue water here.
Things that are here:
a +0 mace; 18 stones You see here a +2 pair of gloves.
You start putting on your armour.
You continue putting on your +2 pair of gloves. x4
You finish putting on your +2 pair of gloves.
(D) Dungeon
Where to? (Enter - D:4, ? - help)
Found a white marble altar of Elyvilon.
A hornet and an iguana come into view.
Found a stone staircase leading down.
The hornet buzzes angrily.
The iguana hisses angrily.
The hornet stings you!
You feel yourself slow down.
You feel yourself speed up. The hornet completely misses you.
The hornet stings you!
You feel yourself slow down. The hornet barely misses you.
The hornet stings you!
You are poisoned.
You suddenly lose the ability to move!
You feel yourself speed up.
You feel sick. The hornet stings you.
You are more poisoned.
You feel yourself slow down. The iguana bites you!
* * * LOW HITPOINT WARNING * * *
You can move again.
Okay, then.
It was a potion of berserk rage.
A red film seems to cover your vision as you go berserk!
You feel yourself moving faster!
You feel mighty!
You feel very sick. The hornet stings you!
* * * LOW HITPOINT WARNING * * *
You are more poisoned.
You feel as though you will be slow longer.
The hornet stings you!
You die...

## ##.....###.).###..#
#..### #...##.##.....##..#
#.....####.###.#...#...#..#
#......#....##....###.....##
#......#....##...#####..(##)
#...........##.............<
#.≈≈≈._.§§≈.................
#...≈...≈.ly......##........
#.≈.≈≈.§§.≈@.##..##..#......
#.≈.......≈..# ##..##......
>.≈≈≈≈.≈≈≈≈.## ...##.......
.§§.........^ ... #..#....
§§§≈≈.≈≈≈≈... .<.......
...§..≈.## ...##...#
≈≈.§§.≈.# ..###'###
≈..§§...# #.... # #.###.#


You could see a hornet and an iguana.

Vanquished Creatures
  An ogre (D:4)
  A phantom (D:4)
  A scorpion (D:3)
  A centaur skeleton (D:4)
  A hound (D:3)
  A bullfrog skeleton (D:4)
  An orc wizard (D:3)
  A gnoll (D:1)
  2 adders (D:2)
  An adder skeleton (D:4)
  A worm (D:3)
  2 dart slugs
  5 orcs
  9 endoplasms
  2 giant cockroaches (D:1)
  4 hobgoblins
  6 jackals (D:2)
  5 kobolds
  3 quokkas
  2 ball pythons (D:3)
  6 bats
  4 frilled lizards
  12 goblins
  3 rats (D:1)
75 creatures vanquished.

Vanquished Creatures (others)
  166 foxfires
166 creatures vanquished.

Grand Total: 241 creatures vanquished

Notes
Turn   | Place    | Note
-------+----------+-------------------------------------------
     0 | D:1      | Ijustatesigmund the Hill Orc Fire Elementalist began the
                  | quest for the Orb.
     0 | D:1      | Reached XP level 1. HP: 14/14 MP: 3/3
     8 | D:1      | Noticed a human
    15 | D:1      | Noticed a minotaur
   197 | D:1      | Reached XP level 2. HP: 20/20 MP: 1/4
   200 | D:1      | Learned a level 2 spell: Scorch
  1084 | D:1      | Reached skill level 4 in Fire Magic
  1084 | D:1      | Reached XP level 3. HP: 26/26 MP: 0/5
  1540 | D:2      | Found a burning altar of Makhleb.
  1570 | D:2      | Reached skill level 1 in Fighting
  1570 | D:2      | Reached XP level 4. HP: 31/35 MP: 1/6
  3150 | D:3      | Reached XP level 5. HP: 41/41 MP: 3/7
  3399 | D:3      | Reached skill level 5 in Fire Magic
  3960 | D:3      | Found a faded altar of an unknown god.
  4156 | D:4      | Reached XP level 6. HP: 45/51 MP: 2/8
  4337 | D:4      | Noticed Edmund
  4744 | D:4      | Reached XP level 7. HP: 47/59 MP: 1/9
  4910 | D:4      | Found a white marble altar of Elyvilon.
  4916 | D:4      | Noticed a hornet
  4922 | D:4      | Paralysed by a hornet for 2 turns
  4924 | D:4      | Mangled by a hornet

Illustrated notes

Levels and vault maps discovered:
D:1:      shiori_arrival_whats_in_store_for_you, layout_rooms,
          hangedman_decor_points, minmay_statues_item
D:2:      layout_loops_ring, basic_altar
D:3:      layout_basic, shapermc_ecumenical_altar_notcrosses,
          small_statue_intersection
D:4:      layout_cave_pools, fedhas_altar_2,
          mainiacjoe_overflow_large_starburst, minmay_temple_entry_glassed_door,
          minmay_circle_x, uniq_crazy_yiuf_cottage, uniq_edmund

Skill      XL: |  1  2  3  4  5  6 |
---------------+-------------------+-----
Conjurations   | 2 3 4 |  4.2
Fire Magic     | 4 5 |  5.7
Fighting       | 1 2 3 4 |  4.0
Dodging        | |  1.5
Stealth        | |  1.5
Spellcasting   | |  1.5

Action                   |  1- 3 |  4- 6 |  7- 9 || total
-------------------------+-------+-------+-------++-------
Melee: Mace              |     8 |       |       ||     8
       Flail             |       |    25 |       ||    25
       Punch             |       |     1 |       ||     1
 Cast: Foxfire           |    49 |    50 |     1 ||   100
       Scorch            |     1 |    19 |     2 ||    22
  Use: Scroll            |     4 |     2 |       ||     6
       Potion            |       |       |     1 ||     1
Armor: Robe              |     8 |    17 |       ||    25
Dodge: Dodged            |    27 |    43 |     3 ||    73
